 Dungeon Crawl Stone Soup version 0.30-a0-6-g7c9e10e132 (webtiles) character file.

Game seed: 14488830153866960915

1799 rubashov the Trooper (level 9, -6/67 HPs)
             Began as a Djinni Fire Elementalist on Aug 22, 2022.
             Was a Plaything of Xom.
             Mangled by a gargoyle
             ... wielding a +1 mace of draining
              (13 damage)
             ... on level 6 of the Dungeon.
             The game lasted 00:24:11 (7338 turns).

rubashov the Trooper (Djinni Fire Elementalist)     Turns: 7338, Time: 00:24:12

Health: -6/67      AC:  4    Str: 11    XL:     9   Next: 30%
Gold:   228        EV: 16    Int: 21    God:    Xom [...*..] SH:  0 Dex: 21

rFire   + + +      SeeInvis .    f - +5 quarterstaff
rCold   x . .      Faith    .    (shield currently unavailable)
rNeg    + . .      Spirit   .    a - +0 robe
rPois   ∞          Reflect  .    o - +0 helmet of Goos {rF+ rN+ Str-2 Dex+7}
rElec   .          Harm     .    (no cloak)
rCorr   +          Rampage  .    n - +0 pair of gloves
Will    .....                    (boots unavailable)
Stlth   ++........               (no amulet)
HPRegen 0.21/turn                c - ring of resist corrosion
MPRegen 0.00/turn                t - +6 ring of strength

@: flying, unable to drink
A: sickness immunity, fire resistance 2, cold vulnerability 1, float, innate
caster, HP casting, extra vitality 1, inability to drink after injury 1
a: Renounce Religion


You were on level 6 of the Dungeon.
You worshipped Xom.
You were a favourite toy of Xom.
You visited 1 branch of the dungeon, and saw 6 of its levels.

You collected 228 gold pieces.

Inventory:

Hand Weapons
 f - a +5 quarterstaff (weapon)
 s - a +1 dagger of venom
Missiles
 e - 48 stones
 r - 2 throwing nets
Armour
 a - a +0 robe (worn)
 n - a +0 pair of gloves (worn)
 o - the +0 helmet of Goos (worn) {rF+ rN+ Str-2 Dex+7}
   (You found it on level 4 of the Dungeon)

   Str:       It affects your strength (-2).
   Dex:       It affects your dexterity (+7).
   rF:        It protects you from fire.
   rN:        It protects you from negative energy.
Jewellery
 c - a ring of resist corrosion (left hand)
 t - a +6 ring of strength (right hand)
Wands
 k - a wand of flame (28)
 q - a wand of roots (23)
Scrolls
 g - a scroll of butterflies
 u - a scroll of blinking
 v - a scroll of summoning
 x - a scroll of identify
Potions
 b - a potion of resistance {unknown}
 d - a potion of berserk rage {unknown}
 h - a potion of invisibility {unknown}
 i - a potion of might
 j - a potion of mutation
 l - a potion of heal wounds
 m - 3 potions of attraction
 p - 2 potions of curing
 w - a potion of magic {unknown}


   Skills:
 * Level 6.5 Fighting
 - Level 1.6 Polearms
 * Level 6.3 Dodging
 - Level 1.5 Stealth
 - Level 6.0 Spellcasting


You couldn't memorise any spells.
You knew the following spells:

 Your Spells              Type           Power      Damage    Failure   Level
a - Foxfire               Conj/Fire      100%       2x1d9     1%          1
b - Scorch                Fire           62%        2d8       1%          2
c - Conjure Flame         Conj/Fire      31%        6-21      2%          3
d - Inner Flame           Hex/Fire       31%        N/A       2%          3
e - Flame Wave            Conj/Fire      31%        2d9       9%          4
f - Freeze                Ice            100%       1d11      1%          1
g - Poisonous Vapours     Pois/Air       62%        N/A       1%          2
h - Dazzling Flash        Conj/Hex       62%        N/A       2%          3
i - Cause Fear            Hex            15%        N/A       9%          4
Your spell library was empty.

Dungeon Overview and Level Annotations

Branches:
Dungeon (6/15)
 Temple: D:4-7

Altars:
Ashenzari
Dithmenos
Hepliaklqana
Xom
Yredelemnul


Innate Abilities, Weirdness & Mutations

You are immune to sickness and miasma.
You are immune to poison.
Your flesh is very heat resistant. (rF++)
You are vulnerable to cold. (rC-)
You float through the air rather than walking.
You learn spells naturally, not from books.
Your magical power is your life essence.
You have superior vitality. (+4 MHP)
You occasionally lose the ability to drink potions when taking damage.


Message History

Casting: Scorch (safe; 1% risk of failure)
Confirm with . or Enter, or press ? or * to list all spells.
Flames lash the gargoyle.
The gargoyle is burned terribly!
The gargoyle is moderately damaged.
Casting: Scorch (safe; 1% risk of failure)
Confirm with . or Enter, or press ? or * to list all spells.
Flames lash the gargoyle but do no damage. "This is how I like it!"
You swap places with the gargoyle.
The gargoyle hits you with a +1 mace of draining!!
Casting: Scorch (safe; 1% risk of failure)
Confirm with . or Enter, or press ? or * to list all spells.
Flames lash the gargoyle but do no damage. "Let me alter your body."
Your body is suffused with distortional energy.
You feel stupid.
You occasionally lose the ability to drink potions when taking damage.
You are now a favourite toy of Xom.
The gargoyle hits you with a +1 mace of draining!!
You feel threatened and lose the ability to drink potions!
* * * LOW HITPOINT WARNING * * *
Casting: Scorch (safe; 1% risk of failure)
Confirm with . or Enter, or press ? or * to list all spells.
Flames lash the gargoyle.
The gargoyle is burned terribly!
The gargoyle is moderately damaged.
* * * LOW HITPOINT WARNING * * *
The gargoyle misses you.
Casting: Scorch (safe; 1% risk of failure)
Confirm with . or Enter, or press ? or * to list all spells.
Flames lash the gargoyle but do no damage.
* * * LOW HITPOINT WARNING * * *
The gargoyle hurls a stone arrow at you.
The stone arrow misses you.
Casting: Scorch (safe; 1% risk of failure)
Confirm with . or Enter, or press ? or * to list all spells.
Flames lash the gargoyle but do no damage.
* * * LOW HITPOINT WARNING * * *
The gargoyle hits you with a +1 mace of draining!
You die...
Xom is highly amused!

.# #.# .# #.# #....#
.# #.# #....# .# #.#
##....### .# #.#
#....... .###.####
#.....# ####
[....†..# #.....#
#..# .###.##.#
#.....# #..# .#
#.##.## #÷.@9.#
#..#.. .# #.##..##
#.##### #..#.# .#
#.###..####.# #..#.#
.# #.# ##...##9#
#..#.# .. ..#
###..#.########..#.#
## ###
##.............#.#
####...#######.##.#
...............>.#.#
#######..######..#.#


You could see a gargoyle (combustible).

Vanquished Creatures
  Menkaure (D:5)
  An ice beast (D:5)
  2 black bears (D:6)
  An ogre (D:5)
  A phantom (D:5)
  A kobold brigand (D:4)
  Blork the orc (D:4)
  2 scorpions
  A water moccasin zombie (D:5)
  2 necrophages (D:5)
  A wight (D:5)
  A bullfrog zombie (D:5)
  5 hounds
  A gnoll bouda (D:5)
  A human zombie (D:5)
  3 iguanas
  Ijyb (D:5)
  2 scorpion zombies (D:5)
  3 mummies (D:5)
  A howler monkey zombie (D:5)
  13 adders
  5 gnolls (D:5)
  An ufetubus (D:4)
  5 dart slugs
  15 orcs
  13 ball pythons
  5 bats
  6 endoplasms
  5 giant cockroaches
  7 hobgoblins
  5 jackals
  3 quokkas
  3 frilled lizards
  8 goblins
  11 kobolds
  5 rats
142 creatures vanquished.

Vanquished Creatures (collateral kills)
  An iguana (D:5)
  An adder (D:5)
2 creatures vanquished.

Vanquished Creatures (others)
  92 foxfires
  11 plants (D:4)
103 creatures vanquished.

Grand Total: 247 creatures vanquished

Notes
Turn   | Place    | Note
-------+----------+-------------------------------------------
     0 | D:1      | rubashov the Djinni Fire Elementalist began the quest for
                  | the Orb.
     0 | D:1      | rubashov set off with the following spells memorised:
                  | Foxfire, Scorch, Conjure Flame, Inner Flame, Flame Wave.
     0 | D:1      | Reached XP level 1. HP: 15/15 MP: 0/0
    80 | D:1      | Reached XP level 2. HP: 18/21 MP: 0/0
   454 | D:1      | Reached XP level 3. HP: 23/26 MP: 0/0
   454 | D:1      | Learned a level 1 spell: Freeze
  1000 | D:1      | Found a faded altar of an unknown god.
  1007 | D:1      | Prayed at the altar of an unknown god.
  1007 | D:1      | Became a worshipper of Xom of Chaos
  1218 | D:2      | Reached XP level 4. HP: 26/31 MP: 0/0
  1705 | D:2      | XOM: cloud trail
  2069 | D:3      | XOM: 1-stop teleportation journey
  2075 | D:3      | Reached skill level 1 in Fighting
  2075 | D:3      | Reached XP level 5. HP: 26/37 MP: 0/0
  2075 | D:3      | Learned a level 2 spell: Poisonous Vapours
  2545 | D:3      | XOM: summons 3 hostile demons
  2628 | D:3      | Found a broken altar of Ashenzari.
  2642 | D:3      | XOM: give mutation
  3076 | D:3      | Found a shadowy altar of Dithmenos.
  3243 | D:3      | XOM is BORED!
  3420 | D:3      | XOM: 3-stop teleportation journey
  3785 | D:4      | Reached XP level 6. HP: 41/43 MP: 0/0
  4010 | D:4      | Identified the +0 helmet of Goos {rF+ rN+ Str-2 Dex+7}
  4112 | D:4      | XOM: 4-stop teleportation journey
  4165 | D:4      | XOM: give mutation
  4165 | D:4      | Gained mutation: Your mind is acute. (Int +4, Str/Dex -1)
                  | [Xom's grace]
  4327 | D:4      | XOM: god gift: 5 stones
  4329 | D:4      | Found a hazy altar of Hepliaklqana.
  4329 | D:4      | Noticed Blork the orc
  4348 | D:4      | Killed Blork the orc
  4368 | D:4      | XOM: god gift: 41 gold pieces
  4572 | D:4      | Found a faded altar of an unknown god.
  4694 | D:4      | Reached XP level 7. HP: 49/50 MP: 0/0
  4694 | D:4      | Learned a level 3 spell: Dazzling Flash
  4775 | D:4      | Reached skill level 5 in Dodging
  4996 | D:5      | Entered Level 5 of the Dungeon
  5029 | D:5      | Noticed Menkaure
  5155 | D:5      | Killed Menkaure
  5156 | D:5      | Reached skill level 5 in Fighting
  5156 | D:5      | Reached skill level 1 in Polearms
  5156 | D:5      | Reached XP level 8. HP: 55/59 MP: 0/0
  5233 | D:5      | XOM is BORED!
  5233 | D:5      | XOM: summons 5 hostile demons
  5234 | D:5      | Noticed an orange demon
  5573 | D:5      | XOM: silly message
  5614 | D:5      | Noticed Ijyb
  5620 | D:5      | Killed Ijyb
  5804 | D:5      | XOM: silly message
  6102 | D:5      | Reached skill level 5 in Spellcasting
  6333 | D:5      | XOM: smoke on damage
  6548 | D:5      | Reached XP level 9. HP: 60/66 MP: 0/0
  6548 | D:5      | Learned a level 4 spell: Cause Fear
  6573 | D:5      | Found a basalt altar of Yredelemnul.
  6885 | D:6      | XOM: summons 1 hostile demon
  6924 | D:6      | XOM: noise
  7045 | D:6      | Noticed a gargoyle
  7334 | D:6      | XOM: swap monsters
  7335 | D:6      | XOM: give mutations
  7335 | D:6      | Lost mutation: Your mind is acute. (Int +4, Str/Dex -1)
                  | [Xom's mischief]
  7335 | D:6      | Gained mutation: You occasionally lose the ability to drink
                  | potions when taking damage. [Xom's mischief]
  7338 | D:6      | Mangled by a gargoyle

Illustrated notes

Levels and vault maps discovered:
D:1:      amcnicky_arrival_choice, layout_rooms,
          hellmonk_ecumenical_altar_heavens_door
D:2:      layout_basic
D:3:      layout_loops_ring, mainiacjoe_overflow_six_doors_small,
          general_overflow_altar
D:4:      layout_basic, vehumet_altar_wand_db,
          beargit_hepliaklqana_dungeon_heroes, minivault_4,
          lexackson_kobold_supper
D:5:      layout_rooms, lemuel_mausoleum_altar_yredelemnul, uniq_menkaure,
          uniq_ijyb
D:6:      layout_basic, mainiacjoe_overflow_tiny_flanked, minmay_starry_boxes

Skill      XL: |  1  2  3  4  5  6  7  8  9 |
---------------+----------------------------+-----
Spellcasting   | 3 4 5 6 |  6.0
Fighting       | 1 2 3 5 6 |  6.5
Dodging        | 3 4 5 6 |  6.3
Polearms       | 1 |  1.6
Stealth        | |  1.5

Action                   |  1- 3 |  4- 6 |  7- 9 || total
-------------------------+-------+-------+-------++-------
Melee: Dagger            |     1 |    24 |     3 ||    28
       Quarterstaff      |       |     4 |    12 ||    16
 Cast: Foxfire           |    31 |    19 |       ||    50
       Scorch            |    10 |    51 |   124 ||   185
       Poisonous Vapours |       |    12 |     4 ||    16
       Inner Flame       |       |     4 |       ||     4
       Flame Wave        |       |     1 |     1 ||     2
       Freeze            |       |       |     7 ||     7
       Conjure Flame     |       |       |     3 ||     3
       Dazzling Flash    |       |       |     1 ||     1
  Use: Scroll            |       |    12 |     2 ||    14
 Stab: Sleeping          |       |     2 |       ||     2
Armor: Robe              |     3 |    10 |    12 ||    25
Dodge: Dodged            |     9 |    31 |    54 ||    94

Table legend: (Time is in decaauts)
 A = Elapsed time spent in this place.
 B = Non-inter-level travel time spent in this place.
 C = Inter-level travel time spent in this place.
 D = Time resting spent in this place.
 E = Time spent auto-exploring this place.
 F = Levels seen in this place.
 G = Mean time per level.
                   A        B        C        D        E       F      G
               +--------+--------+--------+--------+--------+-----+--------+
         Total |   7338 |   7280 |     58 |   3009 |   3140 |   6 | 1223.0 |
       Dungeon |   7338 |   7280 |     58 |   3009 |   3140 |   6 | 1223.0 |
               +--------+--------+--------+--------+--------+-----+--------+

Top non-repeatable levels by time:
     D:4: 1659 daAuts
     D:5: 1624 daAuts
     D:3: 1408 daAuts
     D:1: 1170 daAuts
     D:2: 878 daAuts
     D:6: 597 daAuts
